 Dungeon Crawl Stone Soup version 0.29.1-12-g30fa7ad0bf (webtiles) character file.

Game seed: 3014244092536754232

1635 ThatPearl the Trooper (level 8, -3/67 HPs)
             Began as a Demonspawn Berserker on Jan 11, 2023.
             Was an Elder of Trog.
             Slain by a water moccasin (8 damage)
             ... on level 6 of the Dungeon.
             The game lasted 00:12:24 (5387 turns).

ThatPearl the Trooper (Demonspawn Berserker)        Turns: 5387, Time: 00:12:26

Health: -3/67      AC:  8    Str: 20    XL:     8   Next: 66%
Magic:  8/8        EV: 11    Int:  8    God:    Trog [****..]
Gold:   68         SH:  3    Dex: 13    Spells: 7/7 levels left

rFire   . . .      SeeInvis .   m - +9 club
rCold   . . .      Faith    .   d - +0 buckler
rNeg    . . .      Spirit   .   s - +0 acid dragon scales
rPois   .          Reflect  .   k - +0 helmet
rElec   .          Harm     .   n - scarf {shadows}
rCorr   +          Rampage  .   (no gloves)
Will    .....                   (no boots)
Stlth   +.........              c - amulet of regeneration
HPRegen 1.01/turn               (no ring)
MPRegen 0.11/turn               (no ring)

@: lethally poisoned (-3 -> -3), on berserk cooldown, slowed, very slow
A: claws 1, hooves 1, ignite blood 1, powered by death 1, weakness stinger 1
a: Renounce Religion, Berserk, Trog's Hand, Brothers in Arms


You were on level 6 of the Dungeon.
You worshipped Trog.
Trog was greatly pleased with you.
You visited 1 branch of the dungeon, and saw 6 of its levels.
You also visited: Ossuary.

You collected 491 gold pieces.
You spent 423 gold pieces at shops.

Inventory:

Hand Weapons
 a - a +0 hand axe
 m - a +9 club (weapon)
Missiles
 i - 8 poisoned darts (quivered)
Armour
 d - a +0 buckler (worn)
 k - a +0 helmet (worn)
 n - a scarf of shadows (worn)
 s - +0 acid dragon scales (worn)
Jewellery
 c - an amulet of regeneration (around neck)
Wands
 y - a wand of mindburst (21)
Scrolls
 e - 2 scrolls of poison {unknown}
 f - a scroll of butterflies {unknown}
 l - 2 scrolls of blinking
 p - a scroll of brand weapon {unknown}
 r - 4 scrolls of teleportation {unknown}
 t - a scroll of magic mapping {unknown}
 u - 2 scrolls of amnesia {unknown}
 x - a scroll of enchant armour {unknown}
 z - a scroll of fear {unknown}
Potions
 b - 2 potions of heal wounds
 g - a potion of might
 h - 3 potions of curing
 j - a potion of resistance {unknown}
 o - a potion of cancellation {unknown}
 q - 2 potions of lignification
 v - 2 potions of mutation {unknown}
 w - 2 potions of attraction


   Skills:
 + Level 7.0 Fighting
 + Level 6.4 Axes
 + Level 6.0 Armour
 - Level 1.7 Dodging


You had 7 spell levels left.
You didn't know any spells.
Your spell library was empty.

Dungeon Overview and Level Annotations

Branches:
Dungeon (6/15)             Temple (0/1) D:4         Ossuary (visited)

Altars:
Ashenzari
Makhleb

Shops:
D:2 (   D:4 :?   D:5 =


Innate Abilities, Weirdness & Mutations

You have sharp fingernails.
You have large cloven feet.
Your demonic aura sometimes causes spilled blood to erupt in flames.
You regenerate a little health from kills.
You have a small tail.


Message History

You feel extremely sick. The water moccasin bites you.
The water moccasin misses you. The water moccasin bites you!
Unknown command.
You hit the water moccasin.
The water moccasin is heavily wounded.
You feel very sick. You block the water moccasin's attack.
The water moccasin bites you.
You are more poisoned.
The water moccasin poisons you!
Unknown command.
You hit the water moccasin. You kick the water moccasin.
Your tail-slap misses the water moccasin.
The water moccasin is severely wounded.
You feel extremely sick.
The water moccasin completely misses you.
The water moccasin bites you but does no damage.
Unknown command.
You sock the water moccasin!
The water moccasin is almost dead.
You feel very sick. The water moccasin barely misses you.
The water moccasin bites you but does no damage.
You block the water moccasin's attack.
Unknown command.
You miss the water moccasin.
Your tail-slap misses the water moccasin.
The water moccasin is almost dead.
You feel very sick. The water moccasin bites you!
* * * LOW HITPOINT WARNING * * *
The water moccasin bites you but does no damage. x2
You miss the water moccasin.
Your tail-slap misses the water moccasin.
The water moccasin is almost dead.
You feel very sick. The water moccasin bites you!
* * * LOW HITPOINT WARNING * * *
The water moccasin bites you!
You die...

############ #
#..#.#.....# .#
#..#.#..##.#####.#
#..#.....#.......#####
#..#..................
##..#.....##...........
#<.............S$......
############.○@..).....
####))...... #........
#########


You could see a water moccasin.

Vanquished Creatures
  Pikel (D:5)
  Eustachio (D:4)
  An ogre (D:5)
  A phantom (D:5)
  A necrophage (D:5)
  2 scorpions
  3 orc priests
  2 hounds (D:5)
  Jessica (D:2)
  4 iguanas
  Terence (D:2)
  6 orc wizards
  8 mummies (Ossuary)
  Robin (D:2)
  3 gnolls (D:3)
  A white imp (D:5)
  2 worms
  4 dart slugs
  12 orcs
  5 ball pythons
  10 endoplasms
  5 giant cockroaches
  2 gnoll zombies (Ossuary)
  12 goblins
  14 hobgoblins
  11 jackals
  8 kobolds
  8 quokkas
  4 bats
  3 frilled lizards
  3 hobgoblin zombies (Ossuary)
  A kobold zombie (Ossuary)
  2 orc zombies (Ossuary)
  3 rats (D:1)
146 creatures vanquished.

Notes
Turn   | Place    | Note
-------+----------+-------------------------------------------
     0 | D:1      | ThatPearl the Demonspawn Berserker began the quest for the
                  | Orb.
     0 | D:1      | Reached XP level 1. HP: 18/18 MP: 1/1
   286 | D:1      | Discovered your monstrous ancestry.
   286 | D:1      | Gained mutation: You have large cloven feet. [demonic
                  | ancestry]
   286 | D:1      | Reached XP level 2. HP: 17/24 MP: 2/2
   879 | D:1      | Gained mutation: You have a small tail. [demonic ancestry]
   879 | D:1      | Reached XP level 3. HP: 27/29 MP: 3/3
  1220 | D:2      | Found Xyfrut's Antique Weapon Emporium.
  1222 | D:2      | Noticed Robin
  1234 | D:2      | Reached ** piety under Trog
  1237 | D:2      | Killed Robin
  1321 | D:2      | Noticed Jessica
  1328 | D:2      | Killed Jessica
  1329 | D:2      | Gained mutation: You have sharp fingernails. [demonic
                  | ancestry]
  1329 | D:2      | Reached XP level 4. HP: 37/37 MP: 4/4
  1670 | D:2      | Noticed Terence
  1675 | D:2      | Killed Terence
  1676 | D:2      | Reached skill level 4 in Fighting
  2019 | D:3      | Found a burning altar of Makhleb.
  2119 | D:3      | Reached XP level 5. HP: 39/42 MP: 5/5
  2434 | D:3      | Found a faded altar of an unknown god.
  2495 | D:3      | Found a broken altar of Ashenzari.
  2948 | D:4      | Found Kefy's Vocational Training.
  2974 | D:4      | Reached *** piety under Trog
  3071 | D:4      | Found a staircase to the Ecumenical Temple.
  3087 | D:4      | Reached XP level 6. HP: 24/49 MP: 6/6
  3364 | D:4      | Noticed Eustachio
  3384 | D:4      | Killed Eustachio
  3385 | D:4      | Reached skill level 5 in Fighting
  3840 | D:4      | Found Cifuf's Magic Scroll Shoppe.
  3845 | D:4      | Bought a scroll of identify for 26 gold pieces
  3845 | D:4      | Bought a scroll of blinking for 97 gold pieces
  3944 | D:5      | Entered Level 5 of the Dungeon
  3951 | D:5      | Gained mutation: Your demonic aura sometimes causes spilled
                  | blood to erupt in flames. [demonic ancestry]
  3951 | D:5      | Reached XP level 7. HP: 39/56 MP: 7/7
  4014 | D:5      | Reached skill level 5 in Axes
  4068 | D:5      | Found a sand-covered staircase.
  4244 | Ossuary  | Entered an ossuary
  4284 | Ossuary  | Reached **** piety under Trog
  4692 | D:5      | Found Zude's Jewellery Boutique.
  4951 | D:5      | Bought an amulet of regeneration for 300 gold pieces
  4983 | D:5      | Reached skill level 6 in Fighting
  5005 | D:5      | Reached skill level 5 in Armour
  5006 | D:5      | Gained mutation: You regenerate a little health from kills.
                  | [demonic ancestry]
  5006 | D:5      | Reached XP level 8. HP: 64/64 MP: 8/8
  5193 | D:5      | Noticed Pikel
  5203 | D:5      | Killed Pikel
  5353 | D:6      | Reached skill level 7 in Fighting
  5387 | D:6      | Slain by a water moccasin

Illustrated notes

Levels and vault maps discovered:
D:1:      onia_arrival_mini_spirals, layout_rooms, hangedman_decor_riveting,
          minmay_split_cup_small
D:2:      layout_loops_ring, basic_altar, serial_shops, nicolae_shop_crystal,
          uniq_jessica, uniq_robin, uniq_terence
D:3:      layout_basic, old_standard_altar, mainiacjoe_overflow_tiny_flanked,
          nicolae_overflow_crystal_walls, hellmonk_ecumenical_altar_dog_temple,
          solitary_fountain
D:4:      layout_basic, kennysheep_mini_moat, minmay_temple_entry_glass,
          serial_shops, nicolae_square_shop, dk_noncrumbling_3,
          nicolae_shop_vocational, uniq_eustachio
D:5:      layout_basic, serial_shops, nicolae_shop_waterfront,
          nicolae_ossuary_entry_false_entrances, uniq_pikel
D:6:      layout_basic, uniq_maggie, uniq_grinder

Skill      XL: |  1  2  3  4  5  6  7  8 |
---------------+-------------------------+-----
Armour         | 2 3 4 5 6 |  6.0
Axes           | 3 4 5 6 |  6.4
Fighting       | 4 5 6 7 |  7.0
Dodging        | |  1.7

Action                   |  1- 3 |  4- 6 |  7- 9 || total
-------------------------+-------+-------+-------++-------
Melee: Hand axe          |    69 |       |       ||    69
       Punch             |     1 |       |       ||     1
       Kick              |    10 |    28 |    41 ||    79
       Tailslap          |     2 |     8 |    16 ||    26
       Club              |       |   133 |   136 ||   269
Invok: Berserk           |     3 |     1 |     3 ||     7
  Use: Scroll            |       |     2 |     4 ||     6
 Stab: Sleeping          |     1 |       |       ||     1
Armor: Animal skin       |    11 |       |       ||    11
       Leather armour    |     2 |     1 |       ||     3
       Acid dragon scale |       |    72 |    52 ||   124
Dodge: Dodged            |    42 |    87 |    90 ||   219
Block: Buckler           |     1 |    32 |    25 ||    58
